 Dungeon Crawl Stone Soup version 0.26-a0-651-gb41185065b (webtiles) character file.

Game seed: 6084230513980525505

6 Flugslaktarn the Shield-Bearer (level 1, 13/20 HPs)
             Began as a Deep Dwarf Fighter on Oct 9, 2020.
             Quit the game on level 4 of the Dungeon.
             The game lasted 00:00:19 (276 turns).

Flugslaktarn the Shield-Bearer (Deep Dwarf Fighter)  Turns: 276, Time: 00:00:20

Health: 13/20      AC:  9    Str: 19    XL:     1   Next: 75%
Magic:  1/1        EV:  5    Int:  8    God:
Gold:   28         SH:  9    Dex: 12    Spells: 0/0 levels left

rFire    . . .     SeeInvis .   a - +0 war axe
rCold    . . .     Faith    .   c - +0 kite shield
rNeg     . . .     Spirit   .   f - +0 chain mail
rPois    .         Reflect  .   (no helmet)
rElec    .         Harm     .   (no cloak)
rCorr    .         Rampage  .   (no gloves)
MR       .....                  (no boots)
Stlth    ..........             (no amulet)
HPRegen  0.00/turn              (no ring)
MPRegen  0.07/turn              (no ring)

@: lethally poisoned (13 -> -13), non-regenerating
A: damage resistance, heal wounds, sense surroundings 1, no regeneration
a: Heal Wounds


You were on level 4 of the Dungeon.
You visited 1 branch of the dungeon, and saw 4 of its levels.

You collected 28 gold pieces.

Inventory:

Hand Weapons
 a - a +0 war axe (weapon)
Armour
 b - a +0 scale mail
 c - a +0 kite shield (worn)
 f - a +0 chain mail (worn)
   (You found it on level 2 of the Dungeon)
Scrolls
 g - a scroll of identify {unknown}
 i - a scroll of fog {unknown}
Potions
 d - a potion of might
 e - a potion of flight {unknown}
 w - a potion of heal wounds


   Skills:
 * Level 2.8 Fighting
 * Level 2.4 Axes
 + Level 3.3 Armour
 + Level 3.3 Shields


You couldn't memorise any spells.
You didn't know any spells.
Your spell library was empty.

Dungeon Overview and Level Annotations

Branches:
Dungeon (4/15)
 Temple: D:4-7

Altars:
Vehumet


Innate Abilities, Weirdness & Mutations

You are resistant to damage.
You can heal yourself by infusing magical energy.
You passively map a small area around you.
You do not regenerate.


Message History

You are too injured to fight recklessly!
You are too injured to fight recklessly!
You are too injured to fight recklessly!
You are too injured to fight recklessly!
You are too injured to fight recklessly!
You are too injured to fight recklessly!
Unknown command.
You fail to use your ability.
* * * LOW HITPOINT WARNING * * *
You feel sick.
The orc wizard hits you with a +2 dagger of venom.
You are lethally poisoned!
The orc wizard hits you but does no damage.
You are more poisoned.
It was a potion of heal wounds.
You feel much better.
w - a potion of heal wounds You feel very sick.
The orc wizard hits you with a +2 dagger of venom.
You are more poisoned.
Are you sure you want to abandon this character and quit the game? (Confirm with "yes".)

* #.# * , #.##
, #..# ##.# *
#.# * * #.# ,
#.# ,, #.# ,
#@# ,* . , #o#
, ,
....####o#** ,
* ,..<....ow# ,
,, ,
........o......
,
.[.............
,
#..............
*
#..............
...............


You could see a worm, an orc wizard (fast) and 3 orcs.

Vanquished Creatures
  2 bats (D:1)
  2 hobgoblins
  A kobold (D:2)
5 creatures vanquished.

Notes
Turn   | Place    | Note
-------+----------+-------------------------------------------
     0 | D:1      | Flugslaktarn the Deep Dwarf Fighter began the quest for the
                  | Orb.
     0 | D:1      | Reached XP level 1. HP: 20/20 MP: 1/1
    54 | D:2      | Found a radiant altar of Vehumet.
   257 | D:4      | Noticed an orc wizard
   276 | D:4      | Quit the game

Illustrated notes

Levels and vault maps discovered:
D:1:      dpeg_arrival_tiny_c, layout_basic
D:2:      layout_basic, fiery_altar_vehumet
D:3:      layout_basic, nicolae_overflow_crystal_walls,
          grunt_temple_overflow_cloverleaf, grunt_nemelex_the_gamble
D:4:      layout_rooms, minmay_misc_feat_enclosed

Action                   || total
-------------------------++-------
Melee: War axe           ||    28
 Abil: Heal Wounds       ||     1
  Use: Potion            ||     1
Armor: Chain mail        ||    11
       Scale mail        ||     5
Dodge: Dodged            ||    10
Block: Kite shield       ||    21

Table legend: (Time is in decaauts)
 A = Elapsed time spent in this place.
 B = Non-inter-level travel time spent in this place.
 C = Inter-level travel time spent in this place.
 D = Time resting spent in this place.
 E = Time spent auto-exploring this place.
 F = Levels seen in this place.
 G = Mean time per level.
                   A        B        C        D        E       F      G
               +--------+--------+--------+--------+--------+-----+--------+
         Total |    288 |    262 |     26 |      0 |    162 |   4 |   72.0 |
       Dungeon |    288 |    262 |     26 |      0 |    162 |   4 |   72.0 |
               +--------+--------+--------+--------+--------+-----+--------+

Top non-repeatable levels by time:
     D:2: 161 daAuts
     D:1: 59 daAuts
     D:4: 42 daAuts
     D:3: 25 daAuts
